Map: 亚历山大港 - 天梯版

Players

RiSky

  • Race: Zerg Zerg

Elazer - Winner!

  • Race: Zerg Zerg

Event: WESG 2018 Grand Finals

VOD

Have the link to the VOD?

Description

Time

  • Played on: March 11, 2019, 2:38 a.m.
  • Length: 7:35

All games in this series

Show
View Real Time Build Order
Export as new Build Order

RiSky Zerg 

Build Orders: Hatch First 

Get SALT Encoding   

  12  0:00  Drone  
  13  0:13  Overlord  
  13  0:18  Drone  
  14  0:31  Drone x2  
  16  0:51  Drone x2  
  18  0:58  Hatchery  
  18  1:01  Drone  
  18  1:10  Extractor  
  17  1:15  Spawning Pool  
  16  1:18  Drone  
  16  1:21  Drone  
  18  1:28  Drone  
  19  1:39  Overlord  
  19  1:50  Drone  
  20  2:02  Queen, Drone  
  23  2:10  Queen, Drone  
  23  2:11  Drone  
  27  2:22  Zergling x2, Drone  
  29  2:32  Drone  
  29  2:33  Drone  
  31  2:42  Overlord  
  31  2:44  Drone  
  31  2:46  Queen  
  31  2:49  Roach Warren  
  33  2:52  Lair  
  33  2:54  Drone  
  33  2:58  Evolution Chamber  
  33  3:01  Drone  
  33  3:04  Drone  
  35  3:05  Drone  
  35  3:11  Drone x2  
  39  3:12  Drone  
  39  3:15  Drone  
  40  3:24  Overlord, Drone  
  40  3:25  Drone  
  40  3:26  Extractor  
  41  3:32  Drone  
  42  3:35  Drone x2  
  42  3:41  Overlord  
  44  3:43  Drone x2, Extractor  
  44  3:44  Drone  
  46  3:52  Drone, Zerg Missile Weapons Level 1, Glial Reconstitution  
  46  3:54  Drone  
  49  3:55  Drone  
  49  3:56  Drone  
  49  4:00  Overlord  
  50  4:08  Roach, Evolution Chamber  
  51  4:16  Hatchery  
  50  4:20  Roach  
  50  4:22  Roach  
  54  4:24  Roach  
  54  4:27  Roach  
  54  4:29  Roach  
  59  4:32  Roach  
  61  4:39  Overlord  
  61  4:44  Roach x3  
  67  4:47  Zerg Ground Armor Level 1  
  67  4:52  Overlord  
  67  4:54  Overseer  
  67  4:55  Overlord  
  67  5:00  Drone x3  
  67  5:02  Drone  
  67  5:05  Drone  
  67  5:06  Drone  
  73  5:07  Drone  
  73  5:10  Drone  
  75  5:15  Drone  
  75  5:18  Drone  
  75  5:20  Drone x5  
  82  5:22  Drone  
  82  5:25  Overlord  
  83  5:31  Drone  
  84  5:39  Overlord  
  84  5:40  Roach x2, Extractor  
  84  5:41  Extractor  
  86  5:48  Roach  
  86  5:49  Roach x2  
  92  5:52  Roach x2  
  92  5:53  Ravager x3  
  99  5:58  Overlord  
  99  5:59  Roach  
  99  6:00  Roach  
  103  6:05  Roach  
  103  6:06  Overlord  
  103  6:07  Overlord  
  103  6:08  Roach x2  
  109  6:13  Roach x2  
  109  6:16  Overlord  
  109  6:17  Overlord  
  113  6:20  Roach  
  113  6:22  Roach  
  113  6:25  Roach  
  119  6:26  Roach  
  119  6:28  Roach  
  119  6:30  Roach  
  125  6:34  Roach x2  
  125  6:35  Roach  
  131  6:42  Roach x2  
  131  6:43  Roach  
  131  6:47  Roach x2  
  135  6:50  Roach  
  135  6:51  Roach  
  127  6:55  Roach x2  
  112  7:02  Roach  
  112  7:03  Roach x4  
  110  7:10  Roach  
  110  7:11  Roach  
  110  7:14  Roach x2  
  101  7:16  Roach x2  
Show
View Real Time Build Order
Export as new Build Order

Elazer Zerg - Winner!

Build Orders: Hatch First 

Get SALT Encoding   

  12  0:00  Drone  
  13  0:12  Overlord  
  13  0:17  Drone  
  14  0:30  Drone x2  
  16  0:48  Hatchery  
  15  0:51  Drone  
  15  0:56  Drone  
  17  1:09  Spawning Pool  
  16  1:13  Drone  
  16  1:16  Drone  
  18  1:19  Drone  
  18  1:22  Extractor  
  18  1:28  Drone  
  19  1:39  Drone  
  20  1:49  Overlord  
  20  1:56  Queen  
  20  2:00  Queen, Zergling x2  
  26  2:01  Drone  
  26  2:11  Drone  
  26  2:12  Drone  
  28  2:22  Drone x2  
  30  2:32  Drone  
  30  2:33  Drone  
  30  2:35  Hatchery  
  31  2:48  Overlord  
  31  2:49  Drone  
  31  2:50  Evolution Chamber  
  31  2:55  Drone x2  
  33  3:01  Roach Warren  
  32  3:06  Drone  
  32  3:07  Drone x2  
  32  3:08  Drone  
  32  3:10  Drone  
  32  3:12  Drone  
  38  3:14  Drone  
  38  3:16  Drone  
  40  3:21  Overlord  
  40  3:25  Zerg Missile Weapons Level 1  
  39  3:40  Roach  
  39  3:41  Roach x2  
  45  3:43  Drone x6  
  51  3:48  Extractor  
  51  3:50  Overlord, Extractor  
  51  3:53  Queen  
  51  3:58  Drone x2  
  51  4:00  Drone x2  
  55  4:04  Overlord  
  55  4:08  Lair  
  55  4:10  Drone  
  55  4:12  Drone  
  55  4:17  Drone  
  58  4:19  Drone  
  58  4:21  Drone  
  58  4:22  Drone x2  
  58  4:23  Drone  
  63  4:25  Drone  
  63  4:27  Overlord  
  64  4:31  Overlord  
  64  4:33  Roach  
  64  4:37  Roach x2  
  70  4:40  Drone, Extractor  
  70  4:43  Overlord  
  70  4:44  Roach  
  72  4:47  Roach  
  72  4:51  Roach x2  
  78  4:54  Roach  
  78  4:55  Roach  
  78  4:57  Overlord  
  82  5:02  Roach  
  82  5:03  Roach x2  
  82  5:07  Glial Reconstitution  
  88  5:09  Overlord  
  88  5:13  Roach x3  
  94  5:21  Overlord, Zerg Ground Armor Level 1  
  94  5:24  Roach  
  94  5:27  Overlord  
  94  5:28  Roach  
  98  5:30  Roach  
  98  5:34  Roach x2  
  104  5:36  Overlord  
  104  5:41  Roach x2  
  108  5:43  Roach x2  
  112  5:51  Roach x4  
  112  5:54  Overlord  
  112  5:57  Roach  
  122  6:01  Overlord  
  122  6:02  Roach x2  
  126  6:05  Roach  
  126  6:07  Roach  
  126  6:09  Roach  
  132  6:12  Roach  
  132  6:13  Overlord  
  132  6:15  Roach  
  136  6:19  Roach x2  
  136  6:23  Overlord  
  136  6:24  Overlord  
  140  6:27  Roach  
  140  6:30  Roach x2  
  146  6:33  Roach  
  146  6:37  Roach x2  
  152  6:42  Roach x3  
  152  6:49  Roach x3  
  146  6:54  Roach  
  146  6:55  Roach x2  
  138  7:01  Roach x3  
  138  7:07  Roach x4  
  140  7:12  Roach  
  140  7:13  Roach  
Tags
 
Add a new tag
Caveats
  • Supply blocks, unpowered buildings, or Contaminate may cause inaccurate times.
  • Supply counts are checked every 10 seconds.